[Event "II Duchamp Open 2018"]
[Site "Rio de Janeiro"]
[Date "2018.11.19"]
[Round "7"]
[White "Urquiza, Marcello de Albuque"]
[Black "Pimentel, Rafael Favarin G."]
[Result "0-1"]
[ECO "B15"]
[WhiteElo "2018"]
[BlackElo "1886"]
[Annotator "NA RC"]
[PlyCount "36"]
[EventDate "2018.11.14"]
[EventType "swiss"]
[EventCountry "BRA"]
[SourceTitle "playchess.com"]
[Source "ChessBase"]
[SourceQuality "1"]
[TimeControl "5400+30"]

1. e4 c6 2. d4 d5 3. Nd2 dxe4 4. Nxe4 Nf6 5. Ng3 h5 6. h4 {[%emt 0:03:09] LiveBook: 24 Games} Bg4 7. Be2 Qc7 8. Bg5 {[%emt 0:03:07] B15: Caro-Kann: 3 Nc3: 3...g6 and 3...dxe4 4 Nxe4 Nf6 5 Nxf6+ exf6} (8. Nf3 Nbd7 9. c3 e6 10. Ng5 Bd6 11. N3e4 Nxe4 12. Nxe4 Bxe2 13. Qxe2 Bf4 14. Bxf4 Qxf4 15. g3 Qc7 {1-0 (77) Plat,V (2443)-Jablonicky,F (2128) Kouty nad Desnou 2015}) 8... Nbd7 9. Qd2 O-O-O 10. O-O-O e6 $146 ({Predecessor:} 10... e5 11. Bxg4 hxg4 12. N1e2 g6 13. dxe5 Qxe5 14. Bf4 Qb5 15. Nc3 Qa5 {0-1 (49) Byambacogt,T-Krizanovic,Z Istanbul 2004}) 11. f3 Bd6 12. Nf1 Bf5 13. Ne3 Bf4 14. Bxf4 Qxf4 15. Nxf5 Qxf5 16. Bd3 (16. Nh3 $14 {keeps the upper hand.}) 16... Qd5 $1 {[%emt 0:00:39] Double Attack} 17. Ne2 Qxa2 18. c4 Qa1+ $17 {[%emt 0:07:41] Kb1 [%clk 0:34:18] Qa4 [%clk 0:43:58] Nc3 [%clk 0:34:31] a5 [%clk 0:43:53]} 0-1

[Event "II Duchamp Open 2018"]
[Site "Rio de Janeiro"]
[Date "2018.11.19"]
[Round "7"]
[White "Nascimento, Pedro Henrique Alve"]
[Black "Brito, Vicente De Paulo Al"]
[Result "1/2-1/2"]
[ECO "E92"]
[WhiteElo "2007"]
[BlackElo "2044"]
[Annotator "NA RC"]
[PlyCount "92"]
[EventDate "2018.11.14"]
[EventType "swiss"]
[EventCountry "BRA"]
[SourceTitle "playchess.com"]
[Source "ChessBase"]
[SourceQuality "1"]
[TimeControl "5400+30"]

1. d4 Nf6 2. c4 g6 3. Nc3 Bg7 4. e4 d6 5. Be2 O-O 6. Nf3 e5 7. d5 a5 8. Bg5 h6 9. Bh4 Na6 10. Nd2 Qe8 11. O-O Bd7 12. b3 Nh7 {[%emt 0:00:47] E92: King's Indian: Classical: 6 Be2 e5: 7 dxe5, 7 Be3 and Petrosian System without 7...Nbd7} 13. f3 h5 14. Rb1 (14. a3 Bh6 15. Rb1 Nc5 16. Qc2 f5 17. b4 axb4 18. axb4 Na4 19. Nd1 g5 20. Bf2 g4 21. fxg4 Bxd2 22. Qxd2 f4 23. gxh5 Ng5 {1-0 (75) Giri,A (2784)-Ding,L (2732) Wijk aan Zee 2015}) 14... Bh6 15. Kh1 Kh8 16. a3 Be3 17. Bf2 $146 ({Predecessor:} 17. b4 axb4 18. axb4 f6 19. Qc2 Qe7 20. c5 g5 21. Be1 f5 22. c6 bxc6 23. dxc6 Be6 24. Bxa6 Bxd2 25. Bxd2 Rxa6 {1-0 (36) Vinot,S (2441)-Fekete,A (2315) ICCF email 2011}) 17... Bxf2 18. Rxf2 f5 19. b4 axb4 20. axb4 Rd8 21. Qc2 f4 {[%emt 0:02:36] [#]} (21... Qe7 $14) 22. c5 $1 Nb8 23. cxd6 ({Better is} 23. Rff1 $16) 23... cxd6 24. Nc4 Qe7 25. Nb6 Qh4 26. Bb5 g5 27. Bxd7 Nxd7 28. Nxd7 Rxd7 29. Rff1 g4 30. fxg4 (30. Qf2 $15 Qxf2 31. Rxf2) 30... hxg4 31. g3 fxg3 32. Qg2 Rf3 33. Rxf3 gxf3 34. Qxg3 Qxg3 35. hxg3 Ng5 36. Rb2 Rc7 37. Rb3 Rc4 38. Kg1 f2+ $2 (38... Kh7 $19 {and Black stays clearly on top.} 39. g4 Kg6) 39. Kf1 Nxe4 40. Nxe4 Rxe4 41. Kxf2 Rd4 42. Ke3 (42. Rc3 $11 {keeps the balance.}) 42... Rxd5 (42... Kh7 $17 43. Rc3 Kg6) 43. Ke4 Rd4+ 44. Kf5 Kg7 45. b5 e4 46. Rc3 $11 Rd5+ 1/2-1/2

[Event "II Duchamp Open 2018"]
[Site "Rio de Janeiro"]
[Date "2018.11.19"]
[Round "7"]
[White "Chaves, Jorge Antonio Torre"]
[Black "Rodrigues, Nei Jorge"]
[Result "1-0"]
[ECO "B00"]
[WhiteElo "1922"]
[BlackElo "1978"]
[Annotator "NA RC"]
[PlyCount "121"]
[EventDate "2018.11.14"]
[EventType "swiss"]
[EventCountry "BRA"]
[SourceTitle "playchess.com"]
[Source "ChessBase"]
[SourceQuality "1"]
[TimeControl "5400+30"]

1. e4 d6 2. d4 Nd7 3. f4 e5 4. Nf3 {[%emt 0:00:46] B07: Pirc Defence: Miscellaneous Systems} exd4 (4... Ngf6 5. Nc3 Be7 6. Bc4 Nb6 7. Be2 exd4 8. Nxd4 O-O 9. O-O c6 10. Bf3 c5 11. Nde2 Be6 12. Nd5 Nbxd5 13. exd5 Bd7 {½-½ (24) Horther Schneider,E (1839)-Benischek,W (2122) Bayerisch Eisenstein 2018}) 5. Bc4 Nb6 6. Bb3 c5 7. c4 $2 $146 ({White should try Predecessor:} 7. c3 $11 c4 8. Ba4+ Nxa4 9. Qxa4+ Bd7 10. Qxc4 dxc3 11. Nxc3 Rc8 {0-1 (65) Gossmann,J (1755)-Sewald,J (1507) Cologne 2009}) 7... g6 8. O-O Bg7 9. Nbd2 Ne7 10. Qe1 O-O 11. f5 gxf5 12. Nh4 fxe4 13. Nxe4 {[%emt 0:00:21] [#]} Ng6 $1 14. Bg5 f6 15. Nxg6 hxg6 16. Qh4 (16. Bh4 $17 {was worth a try.}) 16... Bf5 17. Bc2 (17. Bd2 $142) 17... Bxe4 (17... fxg5 $2 18. Nxg5 Qxg5 19. Qxg5 $17) (17... Nxc4 18. g4 $17) (17... Rf7 $19 18. b3 d3 19. Nxf6+ Bxf6 20. Bxf6 Qxf6 21. Qxf6 Rxf6 22. Bxd3 Raf8) 18. Qxe4 Qe8 ({Weaker is} 18... fxg5 19. Qxg6 Rf4 20. g3 $18) 19. Qxe8 (19. Bf4 $17 {was worth a try.}) 19... Raxe8 20. Bf4 Re2 (20... Re6 $19 21. Rae1 Rxe1 22. Rxe1 Nxc4 23. Bxg6 Ne5) 21. Bd3 (21. Bxg6 $15 d5 22. cxd5) 21... Rxb2 22. Bxd6 Rc8 23. Rf3 Rc6 24. Bf4 f5 25. h4 Bf6 26. Bc1 Rb4 27. h5 Nxc4 28. a3 Ra4 29. Rg3 Be5 30. Rg5 Ne3 $2 ({Black should play} 30... Nd6 $19 31. Rxg6+ Kf7) 31. Bb5 {[%emt 0:02:07] [#]} Raa6 $1 32. Bxa6 Rxa6 33. Rb1 (33. Bxe3 $1 $11 {was the only way to keep the balance.} dxe3 34. Rb1) 33... b6 34. Rxg6+ Kf7 35. Rc6 Ra4 36. h6 Rc4 37. Bxe3 dxe3 38. h7 Kg7 39. Kf1 Rc2 ({Much less strong is} 39... Kxh7 40. Re1 $17) 40. Re1 Bd4 41. Rc7+ Kh8 42. Re2 Rc1+ 43. Re1 Rc4 44. Rxa7 f4 45. Rf7 Bc3 46. Rb1 Ba5 47. Rd1 Bd2 48. Rb1 Ba5 49. Rb2 Rc1+ (49... Ra4 $16) 50. Ke2 Re1+ $1 $11 51. Kd3 (51. Kf3 Rf1+ 52. Kg4 Rd1) 51... Rd1+ {[%emt 0:00:34] [#]} 52. Ke2 (52. Ke4 $1 $16) 52... Rg1 $2 53. Kd3 Rf1 54. g4 Rd1+ $18 (54... Rh1 {might work better.} 55. a4 (55. Rxf4 Kxh7 56. Kxe3 Kg6 $16) 55... Rxh7 56. Rxf4 Rh3) 55. Ke4 Rd4+ 56. Kf3 c4 57. g5 c3 58. Rg2 Rd3 59. Re2 Rd5 60. g6 Rg5 61. Rf8+ 1-0

[Event "II Duchamp Open 2018"]
[Site "Rio de Janeiro"]
[Date "2018.11.19"]
[Round "8"]
[White "Maia, Jose Eduardo Bastos"]
[Black "Dos Santos, Rodrigo Mello"]
[Result "1-0"]
[ECO "A46"]
[WhiteElo "2093"]
[BlackElo "1965"]
[Annotator "NA RC"]
[PlyCount "97"]
[EventDate "2018.11.14"]
[EventType "swiss"]
[EventCountry "BRA"]
[SourceTitle "playchess.com"]
[Source "ChessBase"]
[SourceQuality "1"]
[TimeControl "5400+30"]

1. d4 Nf6 2. Nf3 c5 3. c3 b6 4. Bf4 Bb7 5. Nbd2 g6 {[%emt 0:00:56] LiveBook: 10 Games} 6. Qa4 Bg7 7. dxc5 bxc5 8. e4 O-O 9. Be2 d6 10. O-O Nh5 11. Bg5 h6 12. Be3 Nd7 13. Rad1 Qc7 14. Nh4 Bc6 15. Qc2 Nhf6 16. f4 Qb7 17. Bf3 Rab8 18. b3 a5 19. Rfe1 a4 20. Bf2 axb3 21. axb3 Ne8 22. Rb1 e6 23. Nc4 Qc7 (23... g5 $15 24. Na5 Qb6) 24. f5 exf5 $1 25. exf5 g5 26. Bxc6 Qxc6 {[%emt 0:00:15] [#]} 27. f6 $1 gxh4 28. fxg7 Kxg7 (28... Nxg7 $16 29. Rbd1 (29. Bxh4 d5 $16) 29... d5) 29. Ne3 h3 {[%emt 0:03:04] [#]} 30. Bg3 ({Inferior is} 30. gxh3 Ne5 $11) (30. Qf5 $1 $18 {and White stays clearly on top.}) 30... Rg8 $2 (30... f5 $16) 31. Qf5 ({Less strong is} 31. gxh3 Ne5 $14) 31... hxg2 32. Nd5 (32. Qh3 $142 Nef6 33. Nf5+ Kh8 34. Nxh6 Rxg3 35. hxg3) 32... Nef6 33. Ne7 Qb6 34. Nxg8 Rxg8 35. c4 ({Weaker is} 35. Kxg2 Kh8 $16) 35... Ra8 $2 (35... d5 {was worth a try.} 36. cxd5 Kf8 37. Kxg2 Qb7) 36. Bh4 Qc6 37. Rb2 Ng8 38. Rxg2+ Kf8 39. Rf2 (39. Qg4 $142 Qxg2+ 40. Qxg2) 39... Ne5 40. Bg3 Ne7 41. Qh5 (41. Qh7 $142 N7g6 42. Bxe5 Nxe5 43. Rf5) 41... N7g6 42. Qxh6+ Kg8 43. Bxe5 dxe5 44. h4 Qd7 45. Qg5 Kf8 (45... Kh7 $18 46. Rd2 Qh3) 46. Qxg6 Ra2 47. Qh6+ Kg8 48. Rxa2 Qd4+ 49. Kh1 1-0

[Event "II Duchamp Open 2018"]
[Site "Rio de Janeiro"]
[Date "2018.11.19"]
[Round "8"]
[White "Campos, Alexandre Ferreira"]
[Black "Nascimento, Pedro Henrique Alve"]
[Result "0-1"]
[ECO "A22"]
[WhiteElo "2076"]
[BlackElo "2007"]
[Annotator "NA RC"]
[PlyCount "108"]
[EventDate "2018.11.14"]
[EventType "swiss"]
[EventCountry "BRA"]
[SourceTitle "playchess.com"]
[Source "ChessBase"]
[SourceQuality "1"]
[TimeControl "5400+30"]

1. g3 e5 2. c4 Nf6 3. Nc3 Bb4 4. Bg2 Bxc3 5. bxc3 O-O 6. Nf3 d6 7. O-O Nc6 8. d4 Re8 {[%emt 0:01:29] LiveBook: 4 Games A29: English Opening: Four Knights Variation with 4 g3} 9. Rb1 h6 10. h3 $146 ({Predecessor:} 10. dxe5 Nxe5 11. Nxe5 Rxe5 12. Bf4 Ra5 13. Qd2 Qe8 14. Bxb7 Bxb7 15. Rxb7 {½-½ (25) Raimbert,R (2426)-Sarakauskas,G (2339) ICCF email 2006}) 10... Rb8 11. Be3 Bf5 12. Rb2 Na5 13. Qa4 b6 $1 14. Nd2 Qd7 15. Qxd7 Bxd7 16. Rfb1 Bf5 17. Rd1 Be6 18. dxe5 dxe5 19. c5 Red8 20. Rc1 Nd5 21. Bxd5 Bxd5 22. f4 f6 23. c4 Be6 24. g4 g5 ({Black should try} 24... exf4 $15 25. Bxf4 Rbc8) 25. fxe5 fxe5 26. Rbc2 Bf7 27. cxb6 axb6 28. c5 b5 $1 29. c6 Nc4 30. Nxc4 Bxc4 31. a4 (31. Rd2 $15) 31... Bb3 {[%emt 0:01:42] Double Attack} 32. Rc5 bxa4 33. Rxe5 {[%emt 0:03:03] [#]} (33. Ra1 $17) 33... a3 $1 34. Re7 a2 ({Black should play} 34... Re8 $19 35. Rxe8+ Rxe8) 35. Rxc7 Bd5 36. Ra7 (36. Bd4 $17 Rb1 37. Rf1 Rxf1+ 38. Kxf1 Bxc6 {[%mdl 64] Discovered Attack} 39. Bc3) 36... Rb1 37. c7 $2 {[%emt 0:00:19] [#]} (37. Ra5) 37... Rc8 $1 38. Kf2 Rxc1 39. Bxc1 {[%emt 0:00:03] [#]} Rxc7 $1 {[%emt 0:00:11] Promotion} 40. Rxc7 a1=Q 41. Bd2 Qf6+ 42. Ke1 Qe5 43. Rc8+ Kf7 44. Rc3 Qh2 45. Kd1 Qh1+ 46. Be1 Bg2 47. Rc7+ Ke6 48. h4 gxh4 49. Rh7 h3 50. Rxh6+ Kf7 51. Kd2 Bf1 52. g5 Qd5+ 53. Kc2 Qxg5 54. Bd2 {[%emt 0:00:01] [#]} Qxh6 0-1

[Event "II Duchamp Open 2018"]
[Site "Rio de Janeiro"]
[Date "2018.11.19"]
[Round "8"]
[White "Manzi, Luiz Antonio Bardar"]
[Black "Peixoto, Rudson Marinho"]
[Result "1/2-1/2"]
[ECO "A05"]
[WhiteElo "2047"]
[BlackElo "2007"]
[Annotator "NA RC"]
[PlyCount "97"]
[EventDate "2018.11.14"]
[EventType "swiss"]
[EventCountry "BRA"]
[SourceTitle "playchess.com"]
[Source "ChessBase"]
[SourceQuality "1"]
[TimeControl "5400+30"]

1. Nf3 Nf6 2. b3 g6 3. Bb2 Bg7 4. e3 O-O 5. d4 d6 6. Nbd2 c5 7. Be2 Nc6 8. O-O {[%emt 0:01:41] LiveBook: 5 Games} cxd4 {[%emt 0:00:56] A48: 1 d4 Nf6 2 Nf3 g6: Torre, London and Colle Systems} (8... Bf5 9. c4 cxd4 10. Nxd4 Bd7 11. Bf3 Qb6 12. a3 Ne5 13. Be2 Rfc8 14. Rc1 Be8 15. h3 a6 16. Rc2 Ned7 17. Qb1 e5 18. N4f3 a5 19. Ba1 Nc5 20. b4 axb4 21. axb4 Ne6 22. Rfc1 Qa7 23. c5 {½-½ (23) Ivanov,S (2322)-Kulaots,K (2570) Finland 2016}) 9. exd4 Nh5 $146 ({Predecessor:} 9... Bd7 10. Re1 Rc8 11. Bf1 Re8 12. Nc4 Qc7 {½-½ (20) Ernst,M (2141)-Olsson,L (1930) Hersonissos 2017}) 10. Re1 e5 11. dxe5 dxe5 12. Nc4 e4 13. Qxd8 Rxd8 14. Ng5 Bxb2 15. Nxb2 f5 16. Bxh5 gxh5 17. Red1 h6 18. Nh3 Be6 19. Nf4 Bf7 20. c4 Rac8 21. Rxd8+ Rxd8 22. Rd1 Rxd1+ 23. Nxd1 Kg7 24. Kf1 Kf6 25. Ke2 Ke5 26. g3 h4 27. Ke3 hxg3 28. hxg3 Nb4 29. Nc3 h5 30. Nfe2 h4 31. gxh4 Bh5 {[%emt 0:02:02] [#]} 32. a4 (32. Nd5 $1 $16 Nc2+ 33. Kd2 Bxe2 34. Kxe2 (34. Kxc2 f4 $14)) 32... a6 33. a5 (33. Nd5 $5 Nc2+ 34. Kd2 Bxe2 35. Kxc2 $14 (35. Kxe2 Nd4+ 36. Kd1 Nxb3 $11)) 33... Nc6 34. Nf4 Bf7 35. h5 Nxa5 36. h6 Bg8 37. Ncd5 Bh7 38. Nh5 Nxb3 39. Nhf6 f4+ $1 40. Ke2 Nd4+ 41. Kf1 Bf5 {[%emt 0:01:40] [#]} 42. h7 {[%emt 0:00:17] [#]} (42. Ng4+ $1 $11 {[%mdl 512] keeps the balance.} Ke6 (42... Bxg4 43. h7) 43. Nxf4+ Kf7 44. Ne3) 42... Bxh7 $1 43. Nxh7 {[%emt 0:00:06] [#]} b5 (43... Ne6 $1 $17 44. Nhf6 Kd4) 44. cxb5 axb5 45. Nb4 Ne6 46. Ke2 Kd6 47. Nf6 Kc5 48. Nc2 Nd4+ 49. Kd2 $11 1/2-1/2

[Event "II Duchamp Open 2018"]
[Site "Rio de Janeiro"]
[Date "2018.11.19"]
[Round "8"]
[White "Brito, Vicente De Paulo Al"]
[Black "Ferreira, Kleber Victor"]
[Result "1/2-1/2"]
[ECO "C55"]
[WhiteElo "2044"]
[BlackElo "2053"]
[Annotator "NA RC"]
[PlyCount "84"]
[EventDate "2018.11.14"]
[EventType "swiss"]
[EventCountry "BRA"]
[SourceTitle "playchess.com"]
[Source "ChessBase"]
[SourceQuality "1"]
[TimeControl "5400+30"]

1. e4 e5 2. Bc4 Nc6 3. Nf3 Nf6 4. d4 exd4 5. e5 d5 6. Bb5 Ne4 7. Nxd4 Bd7 8. Bxc6 bxc6 9. O-O Bc5 10. f3 Ng5 11. Be3 O-O 12. f4 Ne4 13. Nd2 Nxd2 14. Qxd2 f6 {[%emt 0:02:55] LiveBook: 32 Games} 15. b4 {[%emt 0:10:30] C56: Two Knights: 4 d4 exd4 5 0-0 Nxe4} (15. Nb3 Bb6 16. Bc5 fxe5 17. fxe5 Qh4 18. Kh1 Rxf1+ 19. Rxf1 Re8 20. Qe3 h6 21. Qf3 Qg4 22. Qf7+ Kh7 {0-1 (76) Socko,B (2604)-Ernst,T (2368) Sweden 2017}) 15... Bb6 16. Nb3 Qe7 17. Rae1 fxe5 $146 ({Predecessor:} 17... Rae8 18. Bc5 fxe5 19. Rxe5 Qf7 20. Qe2 Qg6 21. Kh1 Bg4 22. Qe3 Rxe5 23. Qxe5 {½-½ (58) Baldursson,R (1890)-Nielsen,T (2109) Faroe Islands 2012}) 18. Bxb6 axb6 19. Rxe5 Qf6 20. c3 Rf7 21. g3 Bh3 22. Rfe1 Raf8 23. Re8 ({White should try} 23. Nd4 $14) 23... g5 $1 24. Rxf8+ Rxf8 25. Qd4 gxf4 26. Qxf6 Rxf6 27. Kf2 fxg3+ 28. Kxg3 Bf5 29. Re7 Rf7 30. Rxf7 (30. Re8+ $11 Kg7 31. a4) 30... Kxf7 31. a4 $2 (31. Nd4 $11 {and White is okay.} Bd7 32. Kf4) 31... Bc8 (31... Bc2 $19 32. Nd2 Bxa4) 32. Nd4 c5 33. bxc5 $1 bxc5 34. Nb5 Bd7 35. Nxc7 Bxa4 36. Nxd5 Ke6 37. Nf4+ Ke5 38. Kf3 Bc6+ 39. Ke3 c4 40. Ne2 h6 41. Nd4 Be8 $11 42. Ne2 h5 1/2-1/2

[Event "II Duchamp Open 2018"]
[Site "Rio de Janeiro"]
[Date "2018.11.20"]
[Round "8"]
[White "Urquiza, Marcello de Albuque"]
[Black "Okamura, Milton Kasuo"]
[Result "1/2-1/2"]
[ECO "B44"]
[WhiteElo "2018"]
[BlackElo "2038"]
[Annotator "NA RC"]
[PlyCount "110"]
[EventDate "2018.11.14"]
[EventType "swiss"]
[EventCountry "BRA"]
[SourceTitle "playchess.com"]
[Source "ChessBase"]
[SourceQuality "1"]
[TimeControl "5400+30"]

1. e4 c5 2. Nf3 e6 3. d4 cxd4 4. Nxd4 Nc6 5. Nb5 d6 6. c4 Nf6 7. N1c3 a6 8. Nd4 Qc7 9. Be2 Ne5 10. Be3 Be7 11. Rc1 O-O 12. O-O b6 13. f4 Ned7 14. Bf3 Bb7 15. Qe2 Rfe8 {[%emt 0:00:42] LiveBook: 3 Games [#] B41: Sicilian: Kan Variation: 5 c4} 16. g4 $1 Nf8 (16... Nc5 17. Bf2 e5 18. fxe5 dxe5 19. Nf5 Bd8 20. Nd5 Qb8 21. Bxc5 bxc5 22. Bg2 Nd7 23. Qf2 {0-1 (51) Milos,G (2620)-Morozevich,A (2748) Internet 2000}) 17. g5 N6d7 18. h4 Rac8 19. b3 $146 ({Predecessor:} 19. Qf2 Qb8 20. b3 Nc5 21. Rfd1 Qa8 22. Qg2 Ng6 23. Qh1 {0-1 (61) Geller,A (2265)-Levin,F (2320) Belgorod 1989}) 19... Qb8 20. Qg2 Nc5 (20... e5 $16 {keeps fighting.}) 21. f5 Nd3 (21... Bd8 $16 22. f6 Ng6) 22. f6 Bd8 23. fxg7 Kxg7 24. Rc2 Ne5 25. Rcf2 b5 (25... Rc7 $142 26. Be2 Kg8) 26. Bh5 Nfg6 27. Bxg6 hxg6 {[%emt 0:00:28] [#]} 28. Bf4 $2 (28. h5 $1 $18 gxh5 29. Qh3) 28... Rf8 $2 {[%emt 0:01:04] [#]} (28... Bb6 $1 $11 {and Black stays safe.} 29. Bxe5+ (29. c5 $2 Rxc5 30. Nce2 Kg8 $19) 29... dxe5 30. Rxf7+ Kg8) 29. Bxe5+ (29. h5 $1 $18 Qa7 30. Nce2) 29... dxe5 30. Nxe6+ $1 {[%emt 0:00:12] Pin} fxe6 31. Rxf8 Bb6+ 32. R8f2 Rf8 $1 {[%emt 0:11:09] [#]} 33. Kh2 $1 Bxf2 34. Rxf2 Rf4 35. Rxf4 ({Don't play} 35. cxb5 Rxh4+ 36. Kg1 axb5 $11) 35... exf4 36. cxb5 axb5 (36... Qe5 $1 $11 {keeps the balance.} 37. bxa6 Bxa6) 37. Qf3 ({Much weaker is} 37. Nxb5 $6 Qe5 $11 {[%mdl 64] Double Attack}) (37. Qd2 $16) 37... b4 38. Ne2 e5 39. Qd3 $1 Qc7 40. Ng1 Kf7 41. Nf3 Ke7 42. Kg2 Qc3 43. Qe2 Ke6 44. Kf1 Qc1+ 45. Kf2 Qc5+ 46. Kg2 Bc6 47. Nd2 Bb5 48. Nc4 (48. Qf2 $11 Qc6 49. Qa7) 48... Qd4 49. Kf3 (49. Kh2 $11 {remains equal.}) 49... Qc3+ 50. Kg2 Qg3+ 51. Kf1 Qxh4 (51... Qh3+ $17 52. Qg2 Qd3+ 53. Qe2 Qh3+ 54. Qg2 Qc3) 52. Qd3 Qh1+ 53. Kf2 Qh2+ 54. Kf1 Qh1+ 55. Kf2 Qh2+ $11 1/2-1/2

[Event "II Duchamp Open 2018"]
[Site "Rio de Janeiro"]
[Date "2018.11.19"]
[Round "8"]
[White "Fucs, Paulo Moses"]
[Black "Reis, Virginia Lagrange M"]
[Result "1-0"]
[ECO "B20"]
[WhiteElo "2016"]
[BlackElo "1750"]
[Annotator "NA RC"]
[PlyCount "78"]
[EventDate "2018.11.14"]
[EventType "swiss"]
[EventCountry "BRA"]
[SourceTitle "playchess.com"]
[Source "ChessBase"]
[SourceQuality "1"]
[TimeControl "5400+30"]

1. e4 c5 2. c4 e5 3. Nc3 Nf6 4. Nf3 Nc6 5. d3 d6 6. Be2 Be7 7. O-O {[%emt 0:01:07] LiveBook: 8 Games B30: Sicilian: 2...Nc6 3 Bb5, lines without ...g6} O-O 8. a3 (8. Nd5 Nxd5 9. cxd5 Nb8 10. Nd2 Bg5 11. Nc4 Bxc1 12. Qxc1 b5 13. Ne3 Nd7 14. Bg4 Nb6 15. Bxc8 Rxc8 {½-½ (58) Medvegy,Z (2536)-Banusz,T (2596) Germany 2014}) 8... Ne8 9. Rb1 f5 $146 ({Predecessor:} 9... a5 10. Nd5 f5 11. Bd2 Nf6 12. Nxf6+ Rxf6 13. b4 axb4 14. axb4 b6 {1-0 (30) Aliaga Fernandez,I (2157)-Delai,P (2030) Araruama 2011}) 10. exf5 Bxf5 11. b4 b6 12. Be3 (12. b5 $14 Nd4 13. Nxd4 cxd4 14. Nd5) 12... Nf6 13. Ne1 Nd4 14. f4 Nxe2+ 15. Qxe2 Bg4 ({Better is} 15... e4 $15) 16. Nf3 exf4 17. Bxf4 Nh5 18. Be3 Nf6 ({Better is} 18... Qd7 $15) 19. Kh1 Qe8 20. Bg1 Qd7 21. h3 Bh5 22. Rbd1 Rae8 23. Qd2 Qb7 (23... d5 $17 24. bxc5 Bxc5) 24. Bh2 (24. Rde1 $11) 24... d5 25. Nb5 dxc4 26. dxc4 Rd8 27. Qe2 Rxd1 28. Qxd1 cxb4 29. axb4 Bxb4 30. Qa4 (30. Qb1 $17 a5 31. Bd6) 30... a5 31. Ng5 Ne4 32. Rxf8+ Bxf8 33. Ne6 $2 (33. Nxe4 Qxe4 34. Bg1) 33... Nc5 $2 (33... Nf2+ 34. Kg1 Qe4) 34. Nxc5 Bxc5 35. Bg1 Bb4 36. Nd4 h6 37. Qb5 Bc5 $19 38. Ne6 Bxg1 39. Qxh5 Kh8 1-0

[Event "II Duchamp Open 2018"]
[Site "Rio de Janeiro"]
[Date "2018.11.20"]
[Round "8"]
[White "Ramos, Angelo Bil"]
[Black "Torella, Rodolfo"]
[Result "1/2-1/2"]
[ECO "B30"]
[WhiteElo "1952"]
[BlackElo "2036"]
[Annotator "NA RC"]
[PlyCount "138"]
[EventDate "2018.11.14"]
[EventType "swiss"]
[EventCountry "BRA"]
[SourceTitle "playchess.com"]
[Source "ChessBase"]
[SourceQuality "1"]
[TimeControl "5400+30"]

1. e4 c5 2. Nf3 Nc6 3. Bb5 e6 4. Nc3 Nge7 {[%emt 0:01:07] LiveBook: 626 Games} 5. a4 g6 6. d4 cxd4 7. Nxd4 Bg7 8. Be3 O-O 9. O-O Qc7 10. Be2 a6 11. Qd2 Rd8 12. Rad1 d5 13. exd5 Nxd5 14. Nxd5 Rxd5 15. c3 Nxd4 16. cxd4 Bd7 17. Bf3 Rd6 18. Qb4 Qb6 (18... Rb6 $11 19. Qa5 Rc6 20. Qxc7 Rxc7) 19. Qxb6 (19. Qa3 $14) 19... Rxb6 20. a5 Rxb2 21. Rb1 Rb5 22. Bxb7 Rb8 23. Be4 Bf8 24. Bf4 Rc8 25. Rxb5 (25. Bb7 $11 Rc2 26. Bxa6 Rxa5 27. Bd3) 25... Bxb5 26. Rb1 Rc4 27. Bd3 Rxd4 28. Bxb5 axb5 (28... Rxf4 $17 29. g3 Rf5 30. Bxa6 Rxa5) 29. Be5 ({White should try} 29. g3 $11) 29... Rd5 30. Bc7 b4 31. Kf1 Bc5 (31... Rd2 $15 32. Be5 Rd5) 32. Ke2 Kf8 33. a6 Ke7 34. Bb8 Rd7 35. Rd1 (35. Ra1 $5 ) 35... b3 36. Rb1 Ba7 $2 (36... Rd4 $1 $11 {and Black stays safe.}) 37. Rxb3 Bxb8 (37... Kf6 $16) 38. Rxb8 Kd6 39. Rb6+ Ke5 40. Rb7 Rd6 41. a7 Ra6 42. Rxf7 h5 43. g3 (43. Rd7 $142) 43... g5 44. h3 h4 $2 (44... Ke4 45. Kd2 Kd5) 45. Kf3 $2 (45. g4 Kd5 46. f4 Ra2+ 47. Ke3 gxf4+ 48. Kxf4) 45... Ra4 46. Kg2 Ra3 {[%emt 0:00:29] [#]} 47. gxh4 (47. g4 $1 $18) 47... gxh4 48. Rh7 Kf5 49. Rxh4 Rxa7 50. Rg4 e5 51. f3 Rh7 52. Kg3 Rd7 53. h4 Rd1 54. Rg5+ (54. Rc4 $14) 54... Kf6 55. Kf2 Rh1 56. Rh5 Kg6 57. Rxe5 Rxh4 58. Kg3 Ra4 59. f4 Kf6 60. Rb5 Ra6 61. Kg4 Rc6 62. Rh5 Kg7 63. Rf5 Rc1 64. Rd5 Kf6 65. Rd6+ Ke7 66. Ra6 Rc5 67. f5 Rc1 68. Re6+ Kf7 69. Re3 Kf6 $11 1/2-1/2

[Event "II Duchamp Open 2018"]
[Site "Rio de Janeiro"]
[Date "2018.11.20"]
[Round "9"]
[White "Okamura, Milton Kasuo"]
[Black "Moyses Sobrinho, Elias"]
[Result "0-1"]
[ECO "A43"]
[WhiteElo "2038"]
[BlackElo "1931"]
[Annotator "NA RC"]
[PlyCount "84"]
[EventDate "2018.11.14"]
[EventType "swiss"]
[EventCountry "BRA"]
[SourceTitle "playchess.com"]
[Source "ChessBase"]
[SourceQuality "1"]
[TimeControl "5400+30"]

1. d4 Nf6 2. c4 c5 3. d5 d6 4. Nc3 g6 5. e4 Bg7 6. h3 O-O 7. Nf3 Nbd7 8. Bd3 a6 9. O-O {[%emt 0:00:27] E90: King's Indian: Classical: Early deviations and 6 h3} (9. a4 b6 10. O-O e5 11. a5 bxa5 12. Qa4 Rb8 13. Qxa5 Qe7 14. Rb1 Nh5 15. Bg5 f6 16. Bd2 Nf4 {0-1 (43) Matlakov,M (2728)-Aronian,L (2799) Tbilisi 2017}) 9... Nh5 10. Be2 $146 ({Predecessor:} 10. Bg5 Qe8 11. Qd2 f6 12. Be3 g5 13. g4 Nf4 14. Bxf4 gxf4 15. Qxf4 Ne5 16. Qe3 h5 17. Nxe5 fxe5 {½-½ (36) Turzo,A (2265)-Kovacs,G (2150) Budapest 1995}) 10... h6 11. a4 Kh7 12. Re1 Nhf6 13. Bf4 Ng8 14. Bd3 Ne5 15. Nxe5 Bxe5 16. Bxe5 dxe5 17. Qd2 Qd6 18. a5 Bd7 19. Qe3 Nf6 20. Be2 b6 21. Reb1 Rfb8 22. axb6 Qxb6 23. f4 Qc7 24. fxe5 Qxe5 {[%emt 0:00:08] [#]} 25. Ra5 $1 ({Reject} 25. Qxc5 $6 Bxh3 26. gxh3 Qg3+ {[%mdl 64] Double Attack} 27. Kf1 Qxh3+ 28. Kg1 Qg3+ 29. Kh1 Qh3+ 30. Kg1 Qg3+ 31. Kh1 Qh3+ 32. Kg1 $11) 25... Qd4 26. Kf2 (26. Qf2 $16) 26... Rb3 $1 27. Bd3 Rab8 28. Rxc5 Rxb2+ 29. Rxb2 Rxb2+ 30. Ne2 Qe5 {[%emt 0:03:48] [#]} 31. Ra5 $2 {[%emt 0:01:49] [#]} (31. d6 $1 $11 Qe6 (31... Qxd6 32. e5) 32. dxe7) 31... Bg4 $1 32. Rxa6 Bxe2 $1 33. Bxe2 Nxe4+ 34. Ke1 $2 (34. Kg1 Rb1+ 35. Bf1) 34... f5 (34... Rb1+ $142 35. Bd1 Qh2 36. Qxe4 Qg1+ 37. Ke2 Qxd1+ 38. Kf2 Qg1+ 39. Kg3 Rb3+ 40. Qf3 Qe1+ 41. Kg4 h5+ 42. Kf4 {[#]} g5+ $1 43. Kxg5 Rxf3 44. gxf3 Qe5+ 45. Kh4 Qf4+ {[%mdl 64] Double Attack} 46. Kxh5 f6 47. Rxf6 exf6 48. h4 Qxf3#) 35. Re6 Qh2 $2 (35... Rb1+ $19 36. Bd1 Qa1 37. Rxe7+ Kg8) 36. Rxe7+ Kg8 37. Rxe4 $2 (37. Rg7+ $11 Kxg7 38. Qd4+ Kf7 39. Qxb2) 37... fxe4 38. Bf1 $2 (38. Kf2 $17) 38... Qe5 39. Be2 g5 40. Bg4 Rxg2 41. Be6+ Kh8 42. Qa3 Rg1+ 0-1